 Dungeon Crawl Stone Soup version 0.24.0-125-gc4c63601f3 (webtiles) character file.

Game seed: 1844671892027154800, levelgen mode: deterministic

12058 Johnny the Grappler (level 11, -1/111 HPs)
             Began as a Troll Berserker on Mar 1, 2020.
             Was a Priest of Trog.
             Slain by an 11-headed hydra (10 damage)
             ... on level 11 of the Dungeon.
             The game lasted 00:11:27 (8673 turns).

Johnny the Grappler (Troll Berserker)               Turns: 8673, Time: 00:11:28

Health: -1/111     AC:  6    Str: 30    XL:     11   Next: 57%
Magic:  10/10      EV: 19    Int:  3    God:    Trog [***...]
Gold:   804        SH:  0    Dex: 14    Spells: 10/10 levels left

rFire    . . .     SeeInvis +     - Unarmed
rCold    . . .     Gourm    +   (no shield)
rNeg     . . .     Faith    +   a - +0 animal skin
rPois    .         Spirit   .   (helmet restricted)
rElec    .         Reflect  .   t - scarf {repulsion}
rCorr    +         Harm     .   (gloves unavailable)
MR       ++...                  (boots unavailable)
Stlth    ++........             e - amulet of faith
HPRegen  1.68/turn              v - ring of see invisible
MPRegen  0.12/turn              E - ring of resist corrosion

@: agile, regenerating, repel missiles
A: large, unfitting armour, claws 3, fast metabolism 3, gourmand, regeneration
1, shaggy fur 1, tough skin 3
a: Berserk, Trog's Hand, Renounce Religion


You were on level 11 of the Dungeon.
You worshipped Trog.
Trog was most pleased with you.
You were full.

You visited 1 branch of the dungeon, and saw 11 of its levels.

You collected 1126 gold pieces.
You spent 322 gold pieces at shops.

Inventory:

Missiles
 m - 2 throwing nets (quivered)
Armour
 a - a +0 animal skin (worn)
 t - a scarf of repulsion (worn)
Jewellery
 e - an amulet of faith (around neck)
 r - an uncursed amulet of harm
 v - a ring of see invisible (left claw)
 E - a ring of resist corrosion (right claw)
 F - an uncursed ring of stealth
 H - an uncursed ring of positive energy
 I - an uncursed ring of positive energy
 J - an uncursed ring of magical power
 L - a +3 amulet of reflection {unknown}
 N - an uncursed ring of protection from magic {unknown}
Wands
 k - a wand of disintegration (10)
 w - a wand of random effects (35)
 D - a wand of flame (43)
 G - a wand of paralysis (2)
 K - a wand of enslavement (8)
 P - a wand of clouds (3)
Scrolls
 c - 6 scrolls of remove curse
 f - a scroll of magic mapping
 g - a scroll of fog
 l - 4 scrolls of immolation
 n - a scroll of enchant armour
 u - a scroll of enchant weapon
 x - 6 scrolls of amnesia
 B - 2 scrolls of noise
 C - 2 scrolls of random uselessness
Potions
 i - 4 potions of brilliance
 j - 2 potions of agility
 p - 3 potions of resistance
 s - a potion of lignification
 z - 2 potions of flight
 Q - 2 potions of magic {unknown}
Miscellaneous
 y - a phantom mirror
Comestibles
 b - 19 rations


   Skills:
 + Level 8.3 Fighting
 + Level 7.7 Armour
 + Level 8.3 Dodging
 + Level 9.9 Unarmed Combat


You had 10 spell levels left.
You didn't know any spells.
Your spell library contained the following spells:

 Spells                   Type           Power        Failure   Level  Hunger
 Magic Dart               Conj           #...         52%         1    ##.....
 Shock                    Conj/Air       #...         52%         1    ##.....
 Searing Ray              Conj           #.....       67%         2    ###....
 Swiftness                Chrm/Air       #.......     67%         2    ###....
 Dazzling Spray           Conj/Hex       #.....       88%         3    ####...
 Static Discharge         Conj/Air       #.......     88%         3    ####...
 Airstrike                Air            #.........   99%         4    #####..
 Force Lance              Conj/Tloc      #.......     99%         4    #####..
 Fulminant Prism          Conj/Hex       #.........   99%         4    #####..
 Iskenderun's Mystic Bla  Conj           #.......     99%         4    #####..
 Lightning Bolt           Conj/Air       #.........   100%        5    ######.


Dungeon Overview and Level Annotations

Branches:
Dungeon (11/15)            Temple (0/1) D:7            Lair (0/6) D:11
    Orc (0/2) D:10

Altars:
Cheibriados
Dithmenos
Elyvilon
Fedhas
Gozag
Makhleb
Nemelex Xobeh
Uskayaw
Wu Jian
Xom
Yredelemnul

Shops:
D:6 (?:(


Innate Abilities, Weirdness & Mutations

You are too large for most types of armour.
You have claws for hands.
Your metabolism is lightning-fast.
You like to eat raw meat.
Your natural rate of healing is unusually fast.
You are covered in fur. (AC +1)
You have extremely tough skin. (AC +3)


Message History

The hippogriff misses you. The hippogriff closely misses you.
The hippogriff barely misses you.
Unknown command.
Unknown command.
Unknown command.
Evoke which item? (* to show all) (? for menu, Esc to quit)
Aiming: Disintegrate
Press: ? - help, Shift-Dir - straight line, f/p - 11-headed hydra
Aim: an 11-headed hydra (flame, severely wounded, chance to defeat MR: 30%)
The 11-headed hydra easily resists.
The 11-headed hydra is engulfed in blazing flames.
The 11-headed hydra closely misses you. The 11-headed hydra bites you.
The 11-headed hydra bites you!
* * * LOW HITPOINT WARNING * * *
The 11-headed hydra bites you!
* * * LOW HITPOINT WARNING * * *
The 11-headed hydra bites you!
* * * LOW HITPOINT WARNING * * *
The 11-headed hydra bites you!
You die...

###
..###################
#...).......§§§D@...#
...###########§HH...#
##.[..... #......#
......... .......###
######### #.......# .
..... .........# ..
... .........#..
###'# '###..##...#
#.# #...# #..#....##
#.#


You could see a 11-headed hydra and 2 hippogriffs.

Vanquished Creatures
  A two-headed ogre (D:11)
  An unseen horror (D:11)
  A wizard (D:11)
  An ugly thing (D:11)
  Pikel (D:4)
  Joseph (D:7)
  A yaktaur (D:11)
  An efreet (D:11)
  A tengu conjurer (D:11)
  A troll (D:11)
  3 hippogriffs
  A shadow (D:11)
  Sigmund (D:3)
  Eustachio (D:6)
  A hog (shapeshifter) (D:11)
  A hungry ghost (D:10)
  Duvessa (D:7)
  A water moccasin (D:10)
  3 orc warriors
  4 sky beasts
  A black bear (D:11)
  3 ice beasts
  A necrophage (D:11)
  7 ogres
  The ghost of Xerdoz the Firebug, an amateur DrFE (D:3)
  5 centaurs
  2 big kobolds
  7 bullfrogs
  A gnoll sergeant (D:11)
  2 wyvern zombies
  Dowan (D:7)
  2 scorpions
  A water moccasin zombie (D:11)
  3 wights (D:11)
  A howler monkey (D:8)
  7 crimson imps
  3 bullfrog zombies (D:5)
  A centaur zombie (D:5)
  A quasit (D:8)
  6 orc priests
  5 jellies
  3 hounds
  12 orc wizards
  A bullfrog skeleton (D:4)
  3 centaur skeletons
  3 iguanas
  11 worker ants
  Natasha (thrice) (D:3)
  A worker ant zombie (D:11)
  16 adders
  16 gnolls
  A hound simulacrum (D:11)
  2 shadow imps
  2 oozes
  4 adder zombies
  3 worms
  4 dart slugs
  7 leopard geckos
  35 orcs
  5 giant cockroaches
  5 hobgoblins
  25 jackals
  14 kobolds
  8 quokkas
  5 ball pythons
  6 bats
  7 frilled lizards
  8 goblins
  A quokka skeleton (D:6)
  A quokka zombie (D:7)
  9 rats
309 creatures vanquished.

Vanquished Creatures (collateral kills)
  A hydra (D:11)
  A centaur warrior (D:11)
  An unseen horror (D:11)
  A wyvern (D:11)
4 creatures vanquished.

Vanquished Creatures (others)
  3 orcs
  2 jackals (D:4)
5 creatures vanquished.

Grand Total: 318 creatures vanquished

Notes
Turn   | Place    | Note
-------+----------+-------------------------------------------
     0 | D:1      | Johnny the Troll Berserker began the quest for the Orb.
     0 | D:1      | Reached XP level 1. HP: 22/22 MP: 0/0
   150 | D:1      | Reached XP level 2. HP: 29/29 MP: 1/1
   692 | D:2      | Reached XP level 3. HP: 29/36 MP: 2/2
   774 | D:2      | Reached ** piety under Trog
   894 | D:2      | Reached skill level 1 in Armour
  1076 | D:2      | Reached XP level 4. HP: 38/44 MP: 3/3
  1417 | D:3      | Noticed Sigmund
  1436 | D:3      | Killed Sigmund
  1436 | D:3      | Reached skill level 4 in Unarmed Combat
  1436 | D:3      | Reached XP level 5. HP: 9/53 MP: 4/4
  1442 | D:3      | Reached XP level 6. HP: 8/61 MP: 5/5
  1593 | D:3      | Found a blossoming altar of Fedhas.
  1652 | D:3      | Reached *** piety under Trog
  1737 | D:3      | Found a large runed translucent door.
  1737 | D:3      | Found a large runed translucent door.
  1737 | D:3      | Noticed Xerdoz's ghost (amateur DrFE)
  1856 | D:3      | Found a burning altar of Makhleb.
  1856 | D:3      | Noticed Natasha
  1864 | D:3      | Killed Natasha
  1929 | D:3      | Noticed Natasha
  1940 | D:3      | Killed Natasha
  2014 | D:3      | Found a snail-covered altar of Cheibriados.
  2109 | D:3      | Noticed Natasha
  2122 | D:3      | Killed Natasha
  2139 | D:3      | Killed Xerdoz's ghost
  2139 | D:3      | Reached XP level 7. HP: 68/68 MP: 6/6
  2186 | D:4      | Noticed Pikel
  2195 | D:4      | Killed Pikel
  2195 | D:4      | Reached skill level 5 in Unarmed Combat
  2569 | D:4      | Reached XP level 8. HP: 61/79 MP: 7/7
  2584 | D:4      | Found a shadowy altar of Dithmenos.
  3129 | D:5      | Entered Level 5 of the Dungeon
  3138 | D:5      | Reached **** piety under Trog
  3358 | D:5      | Reached skill level 5 in Dodging
  3358 | D:5      | Reached skill level 6 in Unarmed Combat
  3386 | D:5      | Reached skill level 5 in Fighting
  3635 | D:5      | Found a white marble altar of Elyvilon.
  3748 | D:6      | Noticed Eustachio
  3765 | D:6      | Killed Eustachio
  3781 | D:6      | Found a sparkling altar of Nemelex Xobeh.
  3784 | D:6      | Found Futridev's Book Shoppe.
  4007 | D:6      | Found Ohei's Magic Scroll Boutique.
  4024 | D:6      | Reached XP level 9. HP: 72/88 MP: 8/8
  4028 | D:6      | Bought a scroll of identify for 28 gold pieces
  4028 | D:6      | Bought a scroll of identify for 28 gold pieces
  4028 | D:6      | Bought a scroll of teleportation for 42 gold pieces
  4028 | D:6      | Bought 2 scrolls of identify for 56 gold pieces
  4028 | D:6      | Bought a scroll of noise for 14 gold pieces
  4028 | D:6      | Bought a scroll of random uselessness for 14 gold pieces
  4028 | D:6      | Bought a scroll of amnesia for 49 gold pieces
  4028 | D:6      | Bought a scroll of immolation for 49 gold pieces
  4028 | D:6      | Bought a scroll of remove curse for 42 gold pieces
  4088 | D:6      | Found Olaloqem's Weapon Emporium.
  4514 | D:6      | Found an opulent altar of Gozag.
  4529 | D:6      | Reached ***** piety under Trog
  4538 | D:6      | Found a basalt altar of Yredelemnul.
  4616 | D:6      | Reached skill level 5 in Armour
  4644 | D:6      | Reached skill level 7 in Unarmed Combat
  4758 | D:6      | Found Byawketz's Weapon Boutique.
  5077 | D:7      | Found an ornate altar of the Wu Jian Council.
  5092 | D:7      | Found a staircase to the Ecumenical Temple.
  5106 | D:7      | Noticed Duvessa
  5124 | D:7      | Killed Duvessa
  5148 | D:7      | Noticed Dowan
  5159 | D:7      | Killed Dowan
  5176 | D:7      | Noticed Joseph
  5190 | D:7      | Killed Joseph
  5233 | D:7      | Found a shimmering altar of Xom.
  5852 | D:8      | Reached XP level 10. HP: 77/100 MP: 9/9
  5906 | D:8      | Found a hide-covered altar of Uskayaw.
  6038 | D:8      | Reached skill level 8 in Unarmed Combat
  6041 | D:8      | Received a gift from Trog
  7050 | D:10     | Entered Level 10 of the Dungeon
  7116 | D:10     | Found a staircase to the Orcish Mines.
  7678 | D:11     | Found a staircase to the Lair.
  7734 | D:11     | Noticed a purple ugly thing
  7750 | D:11     | Killed a purple ugly thing
  7899 | D:11     | Reached skill level 9 in Unarmed Combat
  7943 | D:11     | Noticed a two-headed ogre
  7943 | D:11     | Noticed an unseen horror
  7943 | D:11     | Noticed a wizard
  7949 | D:11     | Killed a wizard
  7949 | D:11     | Reached XP level 11. HP: 109/109 MP: 10/10
  7953 | D:11     | Killed a two-headed ogre
  7953 | D:11     | Received a gift from Trog
  7959 | D:11     | Killed an unseen horror
  7986 | D:11     | Noticed a seven-headed hydra
  8144 | D:11     | Killed an eight-headed hydra
  8428 | D:11     | Noticed a four-headed hydra
  8445 | D:11     | HP: 8/166 [seven-headed hydra (8)]
  8454 | D:11     | Noticed an unseen horror
  8516 | D:11     | Noticed an eight-headed hydra
  8528 | D:11     | Noticed a centaur warrior
  8534 | D:11     | Killed a centaur warrior
  8599 | D:11     | HP: 4/111 [11-headed hydra (12)]
  8669 | D:11     | Killed an unseen horror
  8673 | D:11     | Slain by an 11-headed hydra

Levels and vault maps discovered:
D:1:      minmay_arrival_cross, layout_basic
D:2:      layout_loops_cross, first_ration, minmay_fractal_squares_gapless_5
D:3:      layout_rooms, kennysheep_slug_shrine, fedhas_ov_isle_minmay,
          nicolae_overflow_crystal_walls, ebering_ghost_disaster_area,
          uniq_natasha, uniq_sigmund
D:4:      layout_basic, nicolae_dithmenos_shadow_blocks, uniq_pikel
D:5:      layout_rooms, lemuel_coloured_pillars_altar
D:6:      layout_layer_cave, overflow_temple_1_default, minitemple,
          serial_shops, kennysheep_little_box, shop, nicolae_shop_crystal, shop,
          uniq_eustachio
D:7:      layout_basic, marbit_many_paths, old_standard_altar,
          minmay_temple_entry_grid, grunt_ogre_cave, uniq_duvessa, uniq_joseph
D:8:      layout_basic, eat_drink_and_be_merry_uskayaw
D:9:      layout_cave_pools
D:10:     layout_long_grid, david_orc_3
D:11:     minmay_the_grid_square_5x5_4x4
          [minmay_the_grid_square_5x5_doubleslash,
          minmay_the_grid_square_5x5_inner_v,
          minmay_the_grid_square_5x5_two_small,
          minmay_the_grid_square_5x5_checkered,
          minmay_the_grid_square_5x5_shuriken,
          minmay_the_grid_square_5x5_prize_gold,
          minmay_the_grid_square_5x5_prize_open, minmay_the_grid_square_5x5_tie,
          minmay_the_grid_square_5x5_six,
          minmay_the_grid_square_5x5_prize_itemx,
          minmay_the_grid_square_5x5_prize_rear_guard,
          minmay_the_grid_square_5x5_bite, minmay_the_grid_square_5x5_z,
          minmay_the_grid_square_5x5_three_walls,
          minmay_the_grid_square_5x5_inverted_slash,
          minmay_the_grid_square_5x5_forky], layout_rooms, minmay_misc_feat_five

Skill      XL: |  1  2  3  4  5  6  7  8  9 10 11 |
---------------+----------------------------------+-----
Armour         | 1 2 3 4 5 7 |  7.7
Dodging        | 3 4 5 6 7 8 |  8.3
Fighting       | 3 4 5 6 7 8 |  8.3
Unarmed Combat | 4 5 6 7 9 |  9.9

Action                   |  1- 3 |  4- 6 |  7- 9 | 10-12 || total
-------------------------+-------+-------+-------+-------++-------
Melee: Unarmed           |   114 |   152 |   395 |   318 ||   979
       Punch             |     1 |     1 |     6 |    15 ||    23
Throw: Throwing net      |       |       |       |     1 ||     1
Invok: Berserk           |       |     2 |     3 |     5 ||    10
       Trog's Hand       |       |       |       |     7 ||     7
       Brothers in Arms  |       |       |       |     7 ||     7
Evoke: Wand              |       |       |       |    16 ||    16
  Use: Scroll            |       |       |       |    17 ||    17
       Potion            |       |       |       |     8 ||     8
 Stab: Sleeping          |     1 |       |       |       ||     1
       Distracted        |       |       |       |     1 ||     1
       Paralysed         |       |       |       |     9 ||     9
  Eat: Chunk             |    15 |    10 |    38 |    35 ||    98
Armor: Animal skin       |    53 |    63 |   123 |    93 ||   332
Dodge: Dodged            |    67 |    88 |   199 |   245 ||   599
       Deflected         |       |       |    15 |     6 ||    21
